 Dungeon Crawl Stone Soup version 0.17-a0-1711-gc5340a3 (webtiles) character file.

2071 karlkraus the Chopper (level 9, -2/79 HPs)
             Began as a Hill Orc Fighter on Aug 23, 2015.
             Was an Initiate of Beogh.
             Killed from afar by an electric eel (6 damage)
             ... with a bolt of electricity
             ... on level 6 of the Dungeon.
             The game lasted 00:13:02 (4517 turns).

karlkraus the Chopper (Hill Orc Fighter)            Turns: 4517, Time: 00:13:03

Health: -2/79      AC: 16    Str: 20    XL:     9   Next: 26%
Magic:  9/9        EV:  5    Int:  8    God:    Beogh [......]
Gold:   155        SH: 11    Dex: 12    Spells: 0 memorised, 8 levels left

rFire  . . .     SeeInvis +     a - +0 war axe
rCold  . . .     Clarity  .     t - +1 plate armour
rNeg   . . .     SustAt   .     c - +0 shield
rPois  .         Gourm    +     (no helmet)
rElec  .         Spirit   .     o - +0 cloak
rCorr  .         Warding  .     (no gloves)
rMut   .         Stasis   .     (no boots)
MR     .....                    v - amulet of the gourmand
Stlth  ..........               (no ring)
                                q - ring of see invisible

@: not resistant to hostile enchantments, extremely unstealthy
A: no striking features
a: Renounce Religion


You were on level 6 of the Dungeon.
You worshipped Beogh.
Beogh was noncommittal.
You were not hungry.

You visited 1 branch of the dungeon, and saw 6 of its levels.

You collected 245 gold pieces.
You spent 90 gold pieces at shops.

Inventory:

Hand weapons
 a - a +0 war axe (weapon)
Armour
 c - a +0 shield (worn)
 o - a +0 cloak (worn)
 t - a +1 plate armour (worn)
Jewellery
 g - an uncursed amulet of guardian spirit
 j - an uncursed amulet of stasis
 q - a ring of see invisible (left hand)
 v - an amulet of the gourmand (around neck)
Magical devices
 l - a wand of confusion (27)
Scrolls
 h - a scroll of teleportation
 i - 2 scrolls of remove curse
 p - 6 scrolls of identify
Potions
 b - a potion of berserk rage
 f - 2 potions of degeneration {unknown}
 k - 3 potions of brilliance {unknown}
 n - 2 potions of resistance {unknown}
 r - a potion of cancellation {unknown}
 u - 4 potions of curing
 x - a potion of lignification {unknown}
 z - a potion of heal wounds {unknown}
 A - a potion of haste {unknown}
Comestibles
 e - 8 bread rations
 m - 3 meat rations


   Skills:
 + Level 7.0 Fighting
 + Level 7.7 Axes
 + Level 7.1 Armour
 + Level 2.6 Dodging
 + Level 0.5 Stealth
 + Level 7.6 Shields


You had 8 spell levels left.
You didn't know any spells.

Dungeon Overview and Level Annotations

Branches:
Dungeon (6/15)             Temple (0/1) D:6

Altars:
Cheibriados
Gozag
Kikubaaqudgha
Okawaru
Vehumet
Zin
The Shining One


Message History

The bolt of electricity hits you!
* * * LOW HITPOINT WARNING * * *
You slash the electric eel!
You kill the electric eel!
Beogh accepts your kill.
You hear a splash.
You enter the shallow water.
Moving in this stuff is going to be slow.
The electric eel shoots out a bolt of lightning at you!
The bolt of electricity hits the plant. x2
The bolt of electricity hits you!
* * * LOW HITPOINT WARNING * * *
You see here an electric eel corpse.
The electric eel shoots out a bolt of lightning at you!
The bolt of electricity hits you!
* * * LOW HITPOINT WARNING * * *
Unknown command.
The electric eel shoots out a bolt of lightning at you!
The bolt of electricity hits you!
You die...

...######.###.###.....####..## #.
..##...#...#...#.......##...## #.
..##.>...⌠.#.⌠.#.............###.
.###...#...#...#.................
(# #############.................
(####..# #.....................
.(##..# #.....................
#.(...# #..........#..........
#....## #....@..........###...
...).## #....###........######
..##..#### #....# ###..##...# ##
.####..≈≈♣ ♣;♣♣≈# #.....##..## #.
.# ♣≈≈♣♣≈≈≈♣≈≈≈≈♣♣≈....###..###.
#♣ ♣P♣≈≈P≈≈≈≈PP♣♣P≈≈♣...##......
♣ ≈≈P≈≈≈≈≈≈≈≈P≈≈≈≈♣≈≈.......##.
≈≈≈ ≈≈≈≈≈≈≈≈≈≈≈≈≈P♣≈≈≈♣......####
≈≈≈≈≈≈≈≈≈≈≈≈≈≈≈≈P≈P≈≈P♣♣..#..# ##


You could see an electric eel.

Vanquished Creatures
  Sigmund (D:2)
  Eustachio (D:5)
  The ghost of zkyp the Chopper, an average OpAK of Lugonu (D:3)
  2 orc warriors
  3 centaurs
  Blork the orc (D:5)
  4 giant frogs
  2 electric eels (D:6)
  A scorpion (D:6)
  4 crimson imps (D:5)
  A giant frog skeleton (D:4)
  A jelly (D:6)
  Ijyb (D:2)
  An orc wizard (D:3)
  A gnoll shaman (D:3)
  A centaur skeleton (D:5)
  4 iguanas
  3 worker ants
  A hound skeleton (D:5)
  7 gnolls
  8 adders
  2 oozes
  5 worms
  6 giant geckos
  11 orcs
  9 giant cockroaches
  11 goblins
  8 hobgoblins
  10 jackals
  6 quokkas
  A ball python (D:4)
  11 bats
  4 giant newts
  A jackal skeleton (D:5)
  8 kobolds
  A quokka skeleton (D:6)
  10 rats
153 creatures vanquished.

Notes
Turn   | Place    | Note
--------------------------------------------------------------
     0 | D:1      | karlkraus the Hill Orc Fighter began the quest for the Orb.
     0 | D:1      | Reached XP level 1. HP: 19/19 MP: 1/1
   155 | D:1      | Reached XP level 2. HP: 27/27 MP: 2/2
   276 | D:1      | Reached skill level 4 in Fighting
   325 | D:1      | Reached XP level 3. HP: 33/33 MP: 3/3
   654 | D:2      | Noticed Ijyb
   679 | D:2      | Killed Ijyb
   679 | D:2      | Reached skill level 1 in Dodging
   679 | D:2      | Reached XP level 4. HP: 24/40 MP: 4/4
   711 | D:2      | Noticed Sigmund
   721 | D:2      | Killed Sigmund
   721 | D:2      | Reached XP level 5. HP: 14/47 MP: 5/5
   721 | D:2      | Reached XP level 6. HP: 15/53 MP: 6/6
  1225 | D:3      | Noticed zkyp's ghost (average OpAK)
  1238 | D:3      | Killed zkyp's ghost
  1238 | D:3      | Reached skill level 5 in Fighting
  1293 | D:3      | Reached XP level 7. HP: 44/61 MP: 7/7
  1400 | D:3      | Found an ancient bone altar of Kikubaaqudgha.
  1574 | D:3      | Found an opulent altar of Gozag.
  1617 | D:3      | Reached skill level 5 in Axes
  1617 | D:3      | Reached skill level 5 in Armour
  1627 | D:3      | Reached skill level 5 in Shields
  2521 | D:5      | Entered Level 5 of the Dungeon
  2619 | D:5      | Reached XP level 8. HP: 65/69 MP: 8/8
  2657 | D:5      | Reached skill level 6 in Axes
  2693 | D:5      | Noticed Blork the orc
  2706 | D:5      | Killed Blork the orc
  2747 | D:5      | Became a worshipper of Beogh the Brigand
  2790 | D:5      | Found Zin's Purification Station.
  2803 | D:5      | Found a glowing silver altar of Zin.
  2808 | D:5      | Bought a potion of curing for 90 gold pieces
  2819 | D:5      | Noticed Eustachio
  2892 | D:5      | Killed Eustachio
  2995 | D:5      | Found a glowing golden altar of the Shining One.
  2996 | D:5      | Found a snail-covered altar of Cheibriados.
  2997 | D:5      | Found a radiant altar of Vehumet.
  3196 | D:6      | Reached skill level 7 in Shields
  3443 | D:6      | Found an iron altar of Okawaru.
  3460 | D:6      | Reached XP level 9. HP: 61/78 MP: 9/9
  4126 | D:6      | Found a staircase to the Ecumenical Temple.
  4513 | D:6      | HP: 3/79 [electric eel/bolt of electricity (7)]
  4517 | D:6      | Killed from afar by an electric eel

Vault maps used:
D:1:      dpeg_arrival_central
D:2:      minmay_door_path, first_bread, kennysheep_generic_room_5, uniq_iyjb,
          uniq_sigmund
D:3:      kiku_gazebo_garden_becter, grunt_ministairs_10, supply_closet_lemuel,
          grunt_gozag_statues
D:5:      gammafunk_temple_overflow_forgotten, zin_purify, uniq_blork_the_orc,
          uniq_eustachio
D:6:      lemuel_crystal_altar, minmay_temple_entry_nine_rooms,
          serial_bayou_lake_a

Action                   |  1- 3 |  4- 6 |  7- 9 || total
-------------------------+-------+-------+-------++-------
Melee: War axe           |   126 |   122 |   401 ||   649
Invok: Convert to Beogh  |       |       |     1 ||     1
  Use: Potion            |       |     1 |     1 ||     2
       Scroll            |       |       |     8 ||     8
  Eat: Chunk             |       |     1 |    12 ||    13
       Pizza             |       |       |     2 ||     2
